 Dungeon Crawl Stone Soup version 0.29.1-1-gd02db6906a (webtiles) character file.

Game seed: 10916872893156413985

4014 vvl the Stinger (level 10, -2/73 HPs)
             Began as a Demonspawn Venom Mage on Oct 5, 2022.
             Was a Follower of Nemelex Xobeh.
             Slain by a human
             ... wielding a +0 war axe
              (3 damage)
             ... in a bailey.
             The game lasted 00:18:08 (11039 turns).

vvl the Stinger (Demonspawn Venom Mage)            Turns: 11039, Time: 00:18:09

Health: -2/73      AC: 12    Str: 10    XL:     10   Next: 3%
Magic:  8/17       EV: 14    Int: 20    God:    Nemelex Xobeh [*.....]
Gold:   513        SH:  4    Dex: 19    Spells: 9/19 levels left

rFire   x . .      SeeInvis .   A - +2 rapier (elec)
rCold   . . .      Faith    .   (no shield)
rNeg    . . .      Spirit   .   j - +2 leather armour "Sefet" {rF- Dex+6}
rPois   +          Reflect  .   (no helmet)
rElec   .          Harm     .   (no cloak)
rCorr   .          Rampage  .   c - +2 pair of gloves
Will    .....                   (no boots)
Stlth   ++........              (no amulet)
HPRegen 0.22/turn               (no ring)
MPRegen 0.15/turn               (no ring)

@: no status effects
A: hooves 2, slimy green scales 3, condensation shield
a: Renounce Religion, Draw Escape, Draw Destruction, Draw Summoning


You were in a bailey.
You worshipped Nemelex Xobeh.
Nemelex Xobeh was aware of your devotion.
You visited 2 branches of the dungeon, and saw 9 of its levels.
You also visited: Sewer and Bailey.

You collected 513 gold pieces.

Inventory:

Hand Weapons
 e - a +2 vampiric whip
 l - a +1 whip of pain
 A - a +2 rapier of electrocution (weapon)
 E - a +2 vampiric short sword
 H - a +0 whip of electrocution
Armour
 c - a +2 pair of gloves (worn)
 j - the +2 leather armour "Sefet" (worn) {rF- Dex+6}
   (You found it on level 2 of the Dungeon)

   Dex:       It affects your dexterity (+6).
   rF:        It makes you vulnerable to fire.
Jewellery
 x - a +6 ring of intelligence
 G - a ring of willpower
Scrolls
 d - 5 scrolls of identify {unknown}
 f - 3 scrolls of teleportation {unknown}
 g - 2 scrolls of noise {unknown}
 i - a scroll of poison {unknown}
 n - 2 scrolls of amnesia {unknown}
 o - a scroll of magic mapping {unknown}
 p - a scroll of enchant weapon {unknown}
 r - 2 scrolls of summoning {unknown}
 w - a scroll of immolation {unknown}
 y - a scroll of acquirement {unknown}
 B - 3 scrolls of butterflies {unknown}
 D - 2 scrolls of brand weapon {unknown}
 I - a scroll of enchant armour {unknown}
Potions
 a - 4 potions of curing
 b - 2 potions of magic
 h - 2 potions of berserk rage
 k - 4 potions of attraction {unknown}
 m - 2 potions of heal wounds {unknown}
 q - 2 potions of haste {unknown}
 s - a potion of experience {unknown}
 t - 2 potions of might {unknown}
 u - a potion of resistance
 v - a potion of brilliance
 z - a potion of lignification {unknown}
 C - a potion of invisibility {unknown}
 F - a potion of cancellation {unknown}
 J - a potion of degeneration {unknown}


   Skills:
 + Level 4.7 Fighting
 + Level 4.6 Armour
 + Level 4.9 Dodging
 - Level 2.0 Stealth
 + Level 5.0 Spellcasting
 + Level 3.9 Conjurations
 + Level 4.2 Necromancy
 - Level 4.0 Transmutations
 + Level 3.2 Earth Magic
 + Level 6.7 Poison Magic


You had 9 spell levels left.
You knew the following spells:

 Your Spells              Type           Power      Damage    Failure   Level
a - Sting                 Tmut/Pois      100%       1d8       1%          1
b - Olgreb's Toxic Radia  Pois           32%        N/A       10%         4
c - Borgnjor's Vile Clut  Necr/Erth      10%        N/A       65%         5

Your spell library contained the following spells:

 Spells                   Type           Power      Damage    Failure   Level
 Spider Form              Tmut/Pois      26%        N/A       4%          3
 Passwall                 Tmut/Erth      15%        N/A       5%          2
 Poisonous Vapours        Pois/Air       36%        N/A       6%          2
 Mephitic Cloud           Conj/Pois/Air  19%        N/A       11%         3
 Ensorcelled Hibernation  Hex/Ice        10%        N/A       22%         2
 Animate Dead             Necr           21%        N/A       26%         4
 Inner Flame              Hex/Fire       5%         N/A       41%         3
 Ozocubu's Armour         Ice            5%         N/A       41%         3
 Swiftness                Air            5%         N/A       41%         3
 Anguish                  Hex/Necr       6%         N/A       54%         4
 Cause Fear               Hex            2%         N/A       83%         4
 Death Channel            Necr           10%        N/A       99%         6
 Ozocubu's Refrigeration  Ice            2%         4d8       100%        7
 Discord                  Hex            2%         N/A       100%        8


Dungeon Overview and Level Annotations

Branches:
Dungeon (8/15)             Temple (1/1) D:6           Sewer (visited)
 Bailey (1/1)
   Lair: D:8-11

Altars:
Ashenzari
Cheibriados
Dithmenos
Fedhas
Gozag
Kikubaaqudgha
Makhleb
Nemelex Xobeh
Okawaru
Qazlal
Ru
Sif Muna
Uskayaw
Vehumet
Wu Jian
Yredelemnul

Shops:
D:3 :


Innate Abilities, Weirdness & Mutations

You have hoof-like feet.
You are completely covered in slimy green scales. (AC +4, rPois)
A meltable shield of frost defends you. (SH +4)


Message History

Confirm with . or Enter, or press ? or * to list all spells.
Aiming: Sting (safe; 1% risk of failure)
Press: ? - help, Shift-Dir - straight line, f/p - human
Aim: a human, wielding a +0 war axe and wearing a +0 scale mail (lightly wounded, poisoned, 72% to hit)
The sting hits the human.
The human looks even sicker.
The human is lightly wounded.
You block the human's attack.
Casting: Sting (safe; 1% risk of failure)
Confirm with . or Enter, or press ? or * to list all spells.
Aiming: Sting (safe; 1% risk of failure)
Press: ? - help, Shift-Dir - straight line, f/p - human
Aim: a human, wielding a +0 war axe and wearing a +0 scale mail (lightly wounded, very poisoned, 72% to hit)
The sting hits the human.
The human looks even sicker.
The human is lightly wounded.
The human closely misses you.
Casting: Sting (safe; 1% risk of failure)
Confirm with . or Enter, or press ? or * to list all spells.
Aiming: Sting (safe; 1% risk of failure)
Press: ? - help, Shift-Dir - straight line, f/p - human
Aim: a human, wielding a +0 war axe and wearing a +0 scale mail (lightly wounded, very poisoned, 72% to hit)
The sting hits the human but does no damage.
The human looks as sick as possible!
The human is lightly wounded.
The human hits you but does no damage.
You hit the human. Your kick misses the human.
The human is lightly wounded.
The human hits you with a +0 war axe.
* * * LOW HITPOINT WARNING * * *
You hit the human but do no damage.
The human is moderately wounded.
The human hits you but does no damage.
You hit the human. Your kick misses the human.
The human is heavily wounded.
The human hits you with a +0 war axe!
* * * LOW HITPOINT WARNING * * *
You closely miss the human. You kick the human, but do no damage.
The human is heavily wounded.
The human hits you with a +0 war axe.
You die...
Your body disappears without a glow.

.≈ ~.≈# ..~≈## #########
.~.~≈≈####≈≈#....##
.~..~~≈≈≈≈~~#)....##
..~...~~~~..p@.#...#
............#..#...#
........~≈≈≈#..##..#
....~.)~≈#######...#
~~~~~~~~≈##.......#####
~~~~~~~~~≈#.....)##...##
≈≈~~~~~≈≈##+#....').∩..#
##≈≈≈≈≈### ######)....#
###### #~~~'..∩..#


You could see a human (very poisoned).

Vanquished Creatures
  Eustachio (D:4)
  2 humans (Bailey)
  Menkaure (D:4)
  Duvessa (D:4)
  3 orc warriors
  6 ice beasts
  Pargi (Sewer)
  3 sky beasts
  An ogre (D:6)
  2 centaurs
  A phantom (D:5)
  2 kobold brigands
  9 bullfrogs
  2 scorpions
  4 necrophages
  Dowan (D:4)
  A howler monkey (D:6)
  2 jellies
  3 hounds
  5 orc priests
  An iguana (D:5)
  An orc wizard (D:6)
  8 gnolls (D:5)
  3 adders
  A shadow imp (D:5)
  3 white imps
  An ufetubus (D:5)
  4 worms
  4 dart slugs
  23 orcs
  11 ball pythons
  2 bats (D:3)
  6 endoplasms
  4 giant cockroaches
  35 goblins
  34 hobgoblins
  2 jackals (D:4)
  5 quokkas
  5 frilled lizards (Sewer)
  19 kobolds
  3 rats (D:1)
226 creatures vanquished.

Vanquished Creatures (others)
  3 fungi (D:2)
  5 plants (D:3)
8 creatures vanquished.

Grand Total: 234 creatures vanquished

Notes
Turn   | Place    | Note
-------+----------+-------------------------------------------
     0 | D:1      | vvl the Demonspawn Venom Mage began the quest for the Orb.
     0 | D:1      | Reached XP level 1. HP: 13/13 MP: 3/3
   452 | D:1      | Reached skill level 1 in Transmutations
   679 | D:1      | Gained mutation: You are partially covered in slimy green
                  | scales. (AC +2) [demonic ancestry]
   679 | D:1      | Reached XP level 2. HP: 19/19 MP: 0/5
  1629 | D:2      | Identified the +2 leather armour "Sefet" {rF- Dex+6}
  1680 | D:2      | Gained mutation: A meltable shield of frost defends you.
                  | (SH +4) [demonic ancestry]
  1680 | D:2      | Reached XP level 3. HP: 25/25 MP: 1/6
  2538 | D:3      | Found a shimmering blue altar of Sif Muna.
  2649 | D:3      | Found a glowing drain.
  2665 | Sewer    | Entered a sewer
  2715 | Sewer    | Reached skill level 1 in Armour
  2793 | Sewer    | Noticed Pargi
  2814 | Sewer    | Reached skill level 1 in Fighting
  2814 | Sewer    | Reached XP level 4. HP: 20/32 MP: 0/7
  2828 | Sewer    | Killed Pargi
  2829 | Sewer    | Reached skill level 4 in Poison Magic
  2829 | Sewer    | Gained mutation: You are mostly covered in slimy green
                  | scales. (AC +3) [demonic ancestry]
  2829 | Sewer    | Reached XP level 5. HP: 37/37 MP: 1/8
  3081 | D:3      | Found Xeig's Book Boutique.
  4244 | D:4      | Gained mutation: You are completely covered in slimy green
                  | scales. (AC +4, rPois) [demonic ancestry]
  4244 | D:4      | Reached XP level 6. HP: 44/44 MP: 3/10
  4258 | D:4      | Noticed Eustachio
  4299 | D:4      | Noticed Duvessa
  4316 | D:4      | Noticed Dowan
  4320 | D:4      | Killed Duvessa
  4330 | D:4      | Noticed Menkaure
  4337 | D:4      | Killed Dowan
  4381 | D:5      | Entered Level 5 of the Dungeon
  4399 | D:5      | Reached skill level 5 in Poison Magic
  4734 | D:4      | Killed Eustachio
  4735 | D:4      | Gained mutation: You have large cloven feet. [demonic
                  | ancestry]
  4735 | D:4      | Reached XP level 7. HP: 42/51 MP: 5/11
  4996 | D:4      | Killed Menkaure
  5358 | D:5      | Reached skill level 1 in Conjurations
  5358 | D:5      | Reached skill level 1 in Necromancy
  5540 | D:5      | Found a stormy altar of Qazlal.
  6017 | D:5      | Found an ornate altar of the Wu Jian Council.
  6023 | D:5      | Learned a level 4 spell: Olgreb's Toxic Radiance
  6029 | D:5      | Learned a level 5 spell: Borgnjor's Vile Clutch
  6101 | D:5      | Reached XP level 8. HP: 58/58 MP: 13/13
  6969 | D:5      | Reached skill level 1 in Earth Magic
  8082 | D:6      | Found a staircase to the Ecumenical Temple.
  8098 | D:6      | Reached skill level 6 in Poison Magic
  8172 | D:6      | Reached XP level 9. HP: 63/65 MP: 9/15
  8721 | Temple   | Entered the Ecumenical Temple
  8721 | Temple   | Found a transporter.
  8721 | Temple   | Found a transporter.
  8723 | Temple   | Found a transporter.
  8723 | Temple   | Found a transporter.
  8767 | Temple   | Became a worshipper of Nemelex Xobeh the Trickster
  9712 | D:7      | Reached * piety under Nemelex Xobeh
  9743 | D:7      | Received a gift from Nemelex Xobeh
  9771 | D:7      | Found a hide-covered altar of Uskayaw.
  9771 | D:7      | Found an opulent altar of Gozag.
  9772 | D:7      | Found a radiant altar of Vehumet.
 10512 | D:8      | Found a flagged portal.
 10535 | Bailey   | Entered a bailey
 11030 | Bailey   | Gained mutation: You have hoof-like feet. [demonic
                  | ancestry]
 11030 | Bailey   | Reached XP level 10. HP: 19/73 MP: 12/17
 11031 | Bailey   | Reached skill level 5 in Spellcasting
 11038 | Bailey   | HP: 1/73 [human/+0 war axe (10)]
 11039 | Bailey   | Slain by a human

Illustrated notes

Levels and vault maps discovered:
D:1:      nicolae_arrival_somewhat_less_tricky_arrival, layout_loops_ring,
          corner_web_ring, minivault_27, chequers_jeans
D:2:      layout_basic, dreamdust_mushroom_princess
D:3:      layout_basic, mainiacjoe_overflow_concentric_impassable, serial_bayou,
          serial_bayou_pond_b, serial_bayou_pond_d, serial_bayou_lake_a,
          serial_bayou_shore_b, serial_bayou_lagoon_b, serial_bayou_crossing,
          cheibrodos_sewer_entry_sluice, serial_shops, nicolae_square_shop
D:4:      layout_basic, uniq_duvessa, uniq_menkaure, uniq_eustachio
D:5:      minmay_goblin_kobold_castle, layout_rooms, nzn_wu_jian_contemplation,
          grunt_qazlal_clouds
D:6:      layout_gridville, minmay_temple_entry_large_hall, minmay_ogre_servants
D:7:      layout_loops_cross, gammafunk_temple_overflow_forgotten,
          minmay_misc_feat_roman, item_on_display_b
D:8:      layout_rooms, enter_bailey_5
Temple:   hellmonk_temple_divided_pantheon
Bailey:   bailey_axe_froggy_fort_hellmonk, bailey

Skill      XL: |  1  2  3  4  5  6  7  8  9 10 |
---------------+-------------------------------+-----
Transmutations | 1 2 3 4 |  4.0
Stealth        | 2 |  2.0
Dodging        | 2 3 4 |  4.9
Armour         | 1 2 3 4 |  4.6
Fighting       | 1 2 3 4 |  4.7
Poison Magic   | 4 5 6 |  6.7
Spellcasting   | 3 4 5 |  5.0
Conjurations   | 1 2 3 |  3.9
Necromancy     | 1 2 4 |  4.2
Earth Magic    | 2 3 |  3.2

Action                   |  1- 3 |  4- 6 |  7- 9 | 10-12 || total
-------------------------+-------+-------+-------+-------++-------
Melee: Unarmed           |     6 |       |       |       ||     6
       Whip              |   145 |    97 |       |       ||   242
       Punch             |     4 |       |     5 |       ||     9
       Rapier            |       |       |   271 |     4 ||   275
       Kick              |       |       |    76 |     1 ||    77
 Cast: Sting             |    54 |    54 |   165 |     6 ||   279
       Olgreb's Toxic Ra |       |       |    10 |       ||    10
  Use: Potion            |       |     2 |       |       ||     2
 Stab: Sleeping          |     1 |     1 |     2 |       ||     4
Armor: Robe              |    12 |       |       |       ||    12
       Leather armour    |    69 |    91 |   168 |     2 ||   330
Dodge: Dodged            |   122 |   104 |   311 |     2 ||   539
Block: Other             |    34 |    31 |    76 |     2 ||   143
